AoeStats
← LazyOldMan

Arena

509907566Analyzed
1v1 RM · 4d ago on Sep 28, 2026· 44m 36s· 2 players
Game mode
Random Map
Map size
Tiny (2 player)
Population
200
Speed
Normal
Resources
Standard
Victory
Conquest
Starting age
Dark Age
Ending age
Imperial Age
RankedLock teamsTeams togetherTeam positionsShared explorationLock speedFull tech treeHidden civsTurbo modeCheats
Victory
Defeat
🇸🇪 Bohemians · Sweden
1022
+15
🇧🇴 Bulgarians · Bolivia
1000
-15
Edpaca
13:19 Feudal Age
18:17 Castle Age
16:57 Double-Bit Axe
17:49 Horse Collar
19:06 Loom
19:57 Wheelbarrow
21:54 Gambesons
30:54 Imperial Age
29:24 Hand Cart
28:56 Town Watch
30:37 Thumb Ring
30:53 Fletching
31:15 Forging
31:05 Scale Mail Armor
31:10 Scale Barding Armor
32:38 Ballistics
32:16 Murder Holes
32:59 Heavy Plow
33:42 Coinage
35:55 Squires
35:40 Arson
37:34 Parthian Tactics
37:19 Stirrups
37:45 Conscription
37:17 Pikeman
40:16 Iron Casting
39:57 Chain Mail Armor
40:02 Chain Barding Armor
39:42 Padded Archer Armor
39:42 Halberdier
41:39 Elite Skirmisher
43:46 Masonry
44:37 Chemistry
LazyOldMan
10:16 Feudal Age
14:19 Castle Age
12:40 Double-Bit Axe
13:14 Horse Collar
16:15 Fervor
18:02 Bow Saw
21:38 Wheelbarrow
25:46 Hand Cart
31:47 Imperial Age
29:40 Fletching
30:19 Ballistics
30:04 Squires
29:27 Pikeman
30:38 Scale Mail Armor
31:55 Chemistry
32:15 Chain Mail Armor
31:57 Halberdier
33:09 Masonry
33:53 Conscription
33:05 Elite Hussite Wagon
34:39 Bodkin Arrow
36:12 Bracer
36:13 Padded Archer Armor
36:54 Plate Mail Armor
37:53 Leather Archer Armor
38:32 Houfnice
41:36 Houfnice
45:01 Forging
45:22 Ring Archer Armor
Connection lost

Rejoining the realm…

Still unreachable

The connection could not be restored.

Session expired

The server has moved on; the page needs a fresh start.